Map: 普列昂台地

Players

Fist - Winner!

  • Race: Zerg Zerg

Rex

  • Race: Zerg Zerg
  • League: Grandmaster

Event: 2016 WCS Winter Challenger Taiwan

VOD

Have the link to the VOD?

Description

Time

  • Played on: Jan. 9, 2016, 8:02 a.m.
  • Length: 9:49

All games in this series

Show
View Real Time Build Order
Export as new Build Order

Fist Zerg - Winner!

Build Orders: Hatch First, Zergling Baneling 

Get SALT Encoding   

  12  0:00  Drone  
  13  0:12  Overlord  
  13  0:17  Drone  
  14  0:31  Drone x2  
  14  0:35  Drone  
  17  0:52  Hatchery  
  17  0:55  Drone  
  17  1:00  Drone  
  18  1:07  Drone, Extractor  
  18  1:16  Spawning Pool  
  17  1:19  Drone  
  18  1:29  Drone  
  19  1:38  Overlord  
  19  1:58  Drone  
  20  2:03  Queen  
  20  2:04  Queen  
  20  2:05  Zergling x4  
  26  2:08  Metabolic Boost  
  26  2:12  Drone  
  27  2:21  Drone  
  28  2:26  Drone x2  
  30  2:35  Spine Crawler  
  29  2:38  Baneling Nest  
  28  2:45  Drone x3  
  31  2:53  Overlord  
  31  3:00  Zergling x4  
  33  3:14  Zergling x16  
  41  3:24  Overlord  
  41  3:26  Zergling x2  
  42  3:38  Zergling x4  
  43  3:47  Drone x7  
  43  3:48  Lair  
  49  3:50  Baneling x2  
  49  3:51  Baneling  
  49  3:55  Overlord  
  49  4:04  Extractor  
  49  4:05  Drone x2, Extractor  
  49  4:23  Drone x6  
  55  4:34  Overlord  
  55  4:38  Extractor  
  55  4:39  Overlord  
  55  4:44  Zergling x6  
  57  4:48  Baneling  
  57  4:49  Baneling x10  
  56  4:55  Zergling x6  
  56  4:56  Zergling x6  
  55  5:25  Drone x4  
  55  5:26  Drone x6  
  62  5:30  Spire  
  57  5:36  Zergling x4  
  57  5:48  Zergling x6  
  60  5:54  Hatchery, Baneling  
  60  5:55  Baneling x3  
  60  5:56  Overseer  
  59  6:06  Drone x2  
  59  6:10  Zergling x2  
  59  6:11  Zergling x10  
  65  6:22  Overlord x2  
  63  6:34  Overlord  
  63  6:35  Overlord  
  62  6:42  Mutalisk x7  
  75  6:54  Zerg Flyer Armor Level 1  
  75  6:55  Overlord  
  75  6:57  Extractor  
  75  6:58  Mutalisk  
  75  7:00  Extractor  
  75  7:03  Spore Crawler  
  75  7:04  Spore Crawler  
  75  7:08  Spore Crawler  
  72  7:12  Mutalisk  
  72  7:13  Mutalisk  
  76  7:22  Drone x6  
  80  7:23  Drone  
  81  7:31  Queen  
  81  7:35  Spore Crawler  
  81  7:36  Mutalisk  
  82  7:41  Mutalisk  
  82  7:59  Mutalisk x4  
  88  8:07  Mutalisk  
  88  8:08  Mutalisk  
  90  8:17  Mutalisk  
  83  8:29  Zergling x18  
  83  8:30  Zergling x4  
  94  8:41  Mutalisk x3  
  96  8:55  Mutalisk x2  
  96  9:07  Mutalisk x2  
  99  9:10  Overlord  
  99  9:12  Zergling x14  
  105  9:19  Overlord x3  
Show
View Real Time Build Order
Export as new Build Order

Rex Zerg 

Build Orders: Hatch First 

Get SALT Encoding   

  12  0:00  Drone  
  13  0:08  Drone  
  14  0:17  Overlord  
  14  0:23  Drone, Extractor  
  16  0:35  Drone  
  16  0:36  Drone  
  17  0:52  Hatchery  
  17  0:55  Drone  
  17  1:01  Extractor  
  16  1:11  Spawning Pool  
  15  1:14  Drone  
  15  1:17  Drone  
  17  1:20  Drone  
  18  1:27  Drone  
  19  1:37  Overlord  
  19  1:56  Drone  
  19  1:57  Queen  
  19  1:59  Zergling x2  
  23  2:03  Queen  
  23  2:05  Metabolic Boost  
  25  2:11  Drone  
  25  2:12  Drone  
  27  2:19  Drone  
  28  2:26  Baneling Nest, Drone  
  29  2:30  Drone  
  29  2:32  Drone  
  30  2:38  Drone  
  30  2:43  Overlord  
  31  2:47  Drone  
  32  2:58  Zergling x4  
  34  2:59  Spine Crawler  
  34  3:03  Queen  
  35  3:05  Zergling x4  
  35  3:07  Zergling x2  
  35  3:10  Zergling x2  
  38  3:16  Baneling x2  
  38  3:19  Baneling  
  38  3:21  Zergling x4  
  38  3:22  Zergling x2  
  41  3:28  Drone x2  
  41  3:29  Drone  
  44  3:37  Overlord  
  44  3:38  Lair  
  44  3:41  Extractor  
  43  3:46  Baneling  
  43  3:50  Overlord x2  
  43  3:54  Spine Crawler, Baneling  
  42  3:59  Drone x2  
  44  4:04  Drone  
  44  4:05  Zergling x2  
  44  4:06  Drone  
  47  4:10  Drone  
  47  4:12  Drone  
  47  4:14  Baneling x2  
  49  4:17  Drone  
  49  4:18  Drone  
  49  4:20  Extractor  
  49  4:23  Drone  
  51  4:25  Drone  
  51  4:26  Drone  
  51  4:29  Drone x3  
  56  4:31  Extractor  
  56  4:33  Drone  
  56  4:34  Drone  
  57  4:44  Drone  
  58  4:51  Drone  
  59  4:53  Spire, Drone x3  
  59  4:54  Drone  
  62  5:02  Drone  
  62  5:03  Drone x2  
  62  5:04  Baneling x3  
  65  5:09  Baneling  
  65  5:10  Baneling  
  65  5:14  Zergling x4  
  66  5:17  Zergling x4  
  66  5:20  Zergling x2  
  67  5:23  Zergling x2  
  67  5:24  Zergling x2  
  64  5:28  Zergling x2  
  64  5:31  Zergling x4  
  64  5:35  Zergling x2  
  66  5:36  Zergling x2  
  66  5:41  Overlord  
  66  5:42  Drone x2  
  68  5:47  Overlord  
  68  5:52  Overlord  
  68  5:58  Overlord  
  68  5:59  Hatchery  
  68  6:02  Overlord  
  67  6:09  Mutalisk  
  67  6:10  Mutalisk x3  
  75  6:16  Mutalisk  
  76  6:23  Mutalisk x2  
  78  6:35  Mutalisk  
  78  6:38  Drone  
  78  6:39  Drone x2  
  79  6:41  Drone x2  
  76  6:47  Mutalisk  
  76  6:51  Hatchery, Drone x2  
  79  6:57  Drone x2  
  81  7:04  Zergling x2  
  82  7:11  Mutalisk x3  
  82  7:14  Overlord  
  88  7:16  Overlord  
  88  7:17  Mutalisk  
  88  7:18  Extractor  
  88  7:20  Spore Crawler  
  88  7:22  Spore Crawler  
  87  7:26  Extractor  
  87  7:28  Zergling x6  
  89  7:31  Mutalisk  
  89  7:33  Overlord  
  91  7:37  Mutalisk  
  91  7:38  Zergling x2  
  91  7:39  Zergling x2  
  95  7:44  Mutalisk  
  95  7:45  Overlord  
  95  7:58  Mutalisk  
  95  8:00  Drone x3  
  95  8:09  Zergling x8  
  98  8:18  Zergling x10  
  97  8:27  Zergling x6  
  94  8:30  Mutalisk x2  
  96  8:37  Mutalisk  
  96  8:41  Mutalisk x3  
  102  8:52  Mutalisk  
  102  8:53  Mutalisk  
  91  9:07  Overlord  
  91  9:09  Queen x2  
  80  9:10  Queen  
  80  9:15  Zergling x22  
  85  9:19  Mutalisk x3  
Tags
 
Add a new tag
Caveats
  • Supply blocks, unpowered buildings, or Contaminate may cause inaccurate times.
  • Supply counts are checked every 10 seconds.